AoeStats
← Chalumnor

Black Forest

509941303Analyzed
2v2 RM · 2d ago on Sep 28, 2026· 56m 55s· 4 players
Game mode
Random Map
Map size
Medium (4 player)
Population
200
Speed
Normal
Resources
Standard
Victory
Conquest
Starting age
Dark Age
Ending age
Imperial Age
RankedLock teamsTeams togetherTeam positionsShared explorationLock speedFull tech treeHidden civsTurbo modeCheats
Victory
Defeat
🇫🇷 Burgundians · France
815
+14
🇹🇷 Slavs · Türkiye
726
+17
🇷🇺 Byzantines · Russia
762
-16
753
-15
Парень с высшим
3:20 Loom
13:30 Feudal Age
17:20 Castle Age
15:18 Double-Bit Axe
15:29 Horse Collar
18:42 Bow Saw
19:46 Heavy Plow
19:42 Town Watch
20:59 Gold Mining
22:21 Inquisition
24:33 Wheelbarrow
24:51 Stone Mining
27:42 Redemption
28:07 Town Patrol
29:23 Stone Shaft Mining
34:49 Imperial Age
33:14 Hand Cart
33:36 Sanctity
33:27 Fervor
35:06 Elite Conquistador
36:06 Conscription
36:31 Illumination
36:45 Theocracy
36:41 Conscription
36:36 Fletching
36:47 Padded Archer Armor
36:52 Scale Barding Armor
37:01 Bloodlines
36:51 Husbandry
38:12 Two-Man Saw
37:13 Bodkin Arrow
37:43 Block Printing
38:06 Illumination
38:15 Elite Skirmisher
40:31 Pikeman
41:39 Gambesons
41:55 Squires
41:40 Arson
42:56 Halberdier
--SHAKAL
15:38 Feudal Age
16:39 Horse Collar
17:01 Double-Bit Axe
22:56 Castle Age
23:40 Wheelbarrow
27:22 Bow Saw
27:41 Heavy Plow
36:44 Hand Cart
36:53 Fortified Wall
36:39 Murder Holes
37:09 Ballistics
36:58 Padded Archer Armor
36:49 Fletching
37:09 Forging
37:20 Scale Mail Armor
37:26 Scale Barding Armor
42:00 Imperial Age
41:33 Husbandry
41:24 Pikeman
43:44 Chain Mail Armor
43:50 Chain Barding Armor
44:30 Conscription
46:45 Logistica
46:19 Heavy Camel Rider
49:21 Two-Man Saw
48:05 Elite Cataphract
48:54 Light Cavalry
Chalumnor
2:37 Loom
13:09 Feudal Age
11:37 Double-Bit Axe
12:31 Horse Collar
12:46 Gold Mining
21:55 Castle Age
21:20 Bow Saw
21:14 Stone Mining
23:51 Forging
23:32 Fletching
23:48 Scale Barding Armor
23:44 Padded Archer Armor
24:58 Wheelbarrow
24:08 Town Watch
27:15 Husbandry
28:43 Stone Shaft Mining
28:43 Gold Shaft Mining
28:13 Heavy Plow
32:30 Imperial Age
30:41 Burgundian Vineyards
31:54 Treadmill Crane
32:09 Murder Holes
32:35 Ballistics
32:59 Iron Casting
32:45 Chain Barding Armor
33:04 Hand Cart
33:43 Caravan
33:57 Guilds
34:18 Conscription
35:28 Chemistry
35:32 Blast Furnace
35:48 Plate Barding Armor
35:09 Bodkin Arrow
37:26 Two-Man Saw
36:59 Crop Rotation
36:46 Scale Mail Armor
37:02 Leather Archer Armor
37:02 Masonry
38:37 Hoardings
39:56 Elite Coustillier
42:25 Architecture
43:18 Bracer
43:33 Chain Mail Armor
44:14 Squires
44:00 Arson
49:20 Capped Ram
51:26 Town Patrol
unluramazan66
1:17 Loom
18:20 Feudal Age
18:52 Horse Collar
19:04 Gold Mining
19:02 Double-Bit Axe
20:53 Stone Mining
21:43 Wheelbarrow
28:34 Castle Age
27:52 Forging
27:51 Scale Barding Armor
27:48 Scale Mail Armor
27:49 Padded Archer Armor
27:41 Fletching
34:06 Bodkin Arrow
34:37 Hand Cart
34:34 Bow Saw
34:26 Heavy Plow
35:03 Gold Shaft Mining
40:15 Imperial Age
38:46 Detinets
39:50 Iron Casting
39:37 Chain Barding Armor
42:16 Fortified Wall
43:07 Chemistry
42:13 Siege Engineers
43:23 Conscription
44:36 Plate Barding Armor
43:32 Elite Skirmisher
43:35 Pikeman
44:16 Squires
45:05 Ballistics
48:00 Bloodlines
47:51 Husbandry
53:14 Blast Furnace
52:30 Chain Mail Armor
52:31 Leather Archer Armor
51:49 Elite Boyar
53:41 Caravan
54:31 Halberdier
54:31 Man-at-Arms
55:29 Murder Holes
Connection lost

Rejoining the realm…

Still unreachable

The connection could not be restored.

Session expired

The server has moved on; the page needs a fresh start.